 Dungeon Crawl Stone Soup version 0.23.2-1-ga50397a (webtiles) character file.

Game seed: 10496244870835111735

3536 MalarOregon the Summoner (level 10, 0/118 HPs)
             Began as a Merfolk Summoner on May 17, 2019.
             Was an Initiate of Fedhas.
             Succumbed to a killer bee's poison
             ... on level 9 of the Dungeon.
             The game lasted 00:40:57 (12485 turns).

MalarOregon the Summoner (Merfolk Summoner)        Turns: 12485, Time: 00:40:57

Health: 0/118      AC: 25    Str:  9    XL:     10   Next: 8%
Magic:  3/19       EV:  2    Int: 18    God:    Fedhas [......]
Gold:   471        SH:  0    Dex: 14    Spells: 11/21 levels left

rFire    . . .     SeeInvis .   q - staff of summoning
rCold    . . .     Gourm    .   (no shield)
rNeg     + + +     Faith    .   (armour currently unavailable)
rPois    +         Spirit   .   (helmet currently unavailable)
rElec    .         Reflect  .   (cloak currently unavailable)
rCorr    .         Harm     .   (gloves currently unavailable)
MR       .....     NoTele   +   (boots currently unavailable)
Stlth    ++........             (no amulet)
HPRegen  0.29/turn              (no ring)
MPRegen  0.16/turn              (no ring)

@: lethally poisoned (0 -> -1), tree-form, very slightly contaminated, invisible
A: (change form in water), (swift swim), (stealthy swim)
a: Fungal Bloom, Renounce Religion


You were on level 9 of the Dungeon.
You worshipped Fedhas.
Fedhas was noncommittal.
You were not hungry.
You were a tree.
You visited 2 branches of the dungeon, and saw 10 of its levels.

You collected 471 gold pieces.

Inventory:

Hand Weapons
 a - a +1 trident
   (You found it on level 2 of the Dungeon)
Missiles
 p - 2 silver tomahawks (quivered)
Armour
 l - the +1 robe of the Rose (melded) {rCorr}
   (You found it on level 7 of the Dungeon)

   It provides partial protection from all sources of acid and corrosion.
 v - the +5 scale mail "Puasoac" {rPois, unknown}
   (You found it on level 9 of the Dungeon)

   It protects you from poison.
Magical Staves
 c - an uncursed staff of earth {unknown}
   (You found it on level 7 of the Dungeon)
 i - an uncursed staff of power {unknown}
   (You found it on level 7 of the Dungeon)
 k - an uncursed staff of poison {unknown}
   (You found it on level 7 of the Dungeon)
 q - an uncursed staff of summoning (weapon)
   (You found it on level 4 of the Dungeon)
 w - an uncursed staff of cold
   (You found it on level 7 of the Dungeon)
Wands
 g - a wand of enslavement (5)
   (You found it on level 6 of the Dungeon)
 u - a wand of paralysis (7)
   (You found it on level 9 of the Dungeon)
Scrolls
 b - 2 scrolls of identify {@r1}
 d - a scroll of blinking {unknown}
 n - a scroll of fog
 o - 3 scrolls of remove curse {@r2}
 r - 2 scrolls of magic mapping
 s - a scroll of enchant armour
Potions
 f - 3 potions of lignification {!q}
 j - a potion of might
 m - 2 potions of berserk rage
Miscellaneous
 t - a lightning rod (4/4) {!a}
   (You found it on level 7 of the Dungeon)
 x - 2 boxes of beasts
Comestibles
 e - 19 rations {!d}
 z - 2 chunks of flesh


   Skills:
 + Level 7.1 Fighting
 - Level 2.6 Dodging
 - Level 2.1 Stealth
 + Level 6.3 Spellcasting
 * Level 10.2 Summonings
 - Level 5.0 Ice Magic


You had 11 spell levels left.
You knew the following spells:

 Your Spells              Type           Power        Failure   Level  Hunger
a - Call Canine Familiar  Summ           ######..     1%          3    ##.....
c - Summon Small Mammal   Summ           ####         1%          1    None
d - Call Imp              Summ           ######..     1%          2    None
x - Summon Ice Beast      Ice/Summ       #####...     4%          4    ####...

Your spell library contained the following spells:

 Spells                   Type           Power        Failure   Level  Hunger
 Freeze                   Ice            ###.         1%          1    None
 Summon Guardian Golem    Hex/Summ       #####...     4%          3    ##.....
 Throw Frost              Conj/Ice       ##....       6%          2    None
 Animate Skeleton         Necr           N/A          12%         1    None
 Apportation              Tloc           #.....       12%         1    None
 Confusing Touch          Hex            #.....       12%         1    None
 Flame Tongue             Conj/Fire      #....        12%         1    None
 Ozocubu's Armour         Chrm/Ice       ##......     12%         3    ##.....
 Summon Lightning Spire   Summ/Air       #####...     14%         4    ####...
 Throw Flame              Conj/Fire      #.....       19%         2    None
 Conjure Flame            Conj/Fire      #.......     34%         3    ##.....
 Inner Flame              Hex/Fire       #.......     34%         3    ##.....
 Throw Icicle             Conj/Ice       ##......     38%         4    ####...
 Sticky Flame             Conj/Fire      #.......     75%         4    ####...
 Fireball                 Conj/Fire      #.........   97%         5    #####..


Dungeon Overview and Level Annotations

Branches:
Dungeon (9/15)             Temple (1/1) D:4
   Lair: D:8-11         Orc: D:9-12

Altars:
Ashenzari
Cheibriados
Dithmenos
Elyvilon
Fedhas
Gozag
Hepliaklqana
Kikubaaqudgha
Makhleb
Nemelex Xobeh
Okawaru
Qazlal
Ru
Sif Muna
Trog
Uskayaw
Vehumet
Wu Jian
Xom
Yredelemnul
Zin
The Shining One

Shops:
D:8 }

Annotations:
D:7 3 runed translucent doors


Message History

* * * LOW HITPOINT WARNING * * *
You feel sick.
The killer bee closely misses your ice beast.
Your ice beast closely misses the killer bee.
The killer bee closely misses your ice beast.
The killer bee completely misses your ice beast.
Your ice beast misses the killer bee.
The killer bee stings your ice beast but does no damage.
Unknown command.
* * * LOW HITPOINT WARNING * * *
You feel sick.
The killer bee closely misses your ice beast.
Your ice beast barely misses the killer bee.
The killer bee closely misses your ice beast.
* * * LOW HITPOINT WARNING * * *
You feel sick. The killer bee stings your ice beast.
Your ice beast barely misses the killer bee.
The killer bee stings your ice beast! What are your orders? t - Creak!
Orders for allies: a - Attack new target. p - Attack previous target. r - Retreat! s - Stop attacking. g - Guard the area. f - Follow me.
Anything else - Cancel.
Gang up on whom?
Aim: a killer bee Attack!
* * * LOW HITPOINT WARNING * * *
You feel sick.
The killer bee closely misses your ice beast.
Your ice beast barely misses the killer bee.
The killer bee stings your ice beast but does no damage.
The killer bee stings your ice beast!
Your ice beast hits the killer bee.
Your ice beast freezes the killer bee!
The killer bee misses your ice beast.
* * * LOW HITPOINT WARNING * * *
You feel sick. The killer bee stings your ice beast.
Your ice beast barely misses the killer bee.
The killer bee closely misses your ice beast.
The killer bee stings your ice beast.
Your ice beast hits the killer bee.
Your ice beast freezes the killer bee!
The killer bee dies!
There is a lethal amount of poison in your body!
Okay, then.
* * * LOW HITPOINT WARNING * * *
You feel sick.
Some toadstools grow from nearby corpses.
Fedhas appreciates your contribution to the ecosystem.
Nothing appears to happen.
You die...
Fedhas appreciates your contribution to the ecosystem.

....## ..... #.... ##
#.... #.## #... #.#.#
#..###P#%# #..#♣Y#.#
#..###P#
#########..##÷#.#
#............#.#%#
#.##.###....###.##
#.##.# #......##.#
#####.##.###...........
#.h...............####.#
#.###.##.##.....### ...


You could see a friendly ice beast.

Vanquished Creatures
  A manticore (D:7)
  A meliai (shapeshifter) (D:7)
  A wyvern (D:9)
  A sky beast (D:5)
  A bullfrog (D:6)
  A crimson imp (D:6)
  A centaur skeleton (D:5)
  3 hounds
  A hound zombie (D:6)
  An adder (D:3)
  An ooze (D:3)
  2 orcs
  A giant cockroach (D:6)
  A bat (D:3)
  2 kobolds (D:3)
  A leopard gecko zombie (D:5)
  A quokka skeleton (D:3)
21 creatures vanquished.

Vanquished Creatures (collateral kills)
  2 two-headed ogres (D:9)
  An ugly thing (D:7)
  A queen bee (D:9)
  Prince Ribbit (D:7)
  Sigmund (D:4)
  A wyvern (D:9)
  A water moccasin (D:7)
  2 orc warriors (D:7)
  A sky beast (D:7)
  2 centaurs
  6 ogres
  2 bullfrogs
  14 killer bees (D:9)
  4 wights (D:7)
  2 crimson imps
  2 hounds (D:7)
  2 bullfrog skeletons
  3 jellies (D:9)
  A centaur skeleton (D:4)
  A quasit (D:9)
  5 orc priests
  3 orc wizards
  2 iguanas
  4 worker ants
  A hound zombie (D:5)
  2 worker ant zombies
  5 adders
  5 oozes (D:9)
  An adder skeleton (D:7)
  4 worms
  2 dart slugs (D:2)
  4 leopard geckos
  21 orcs
  3 ball pythons
  A giant cockroach (D:3)
  6 goblins
  17 hobgoblins
  A jackal (D:3)
  9 kobolds
  3 quokkas
  5 bats
  A leopard gecko skeleton (D:5)
  5 rats (D:3)
160 creatures vanquished.

Vanquished Creatures (others)
  44 toadstools
44 creatures vanquished.

Grand Total: 225 creatures vanquished

Notes
Turn   | Place    | Note
-------+----------+-------------------------------------------
     0 | D:1      | MalarOregon the Merfolk Summoner began the quest for the
                  | Orb.
     0 | D:1      | Reached XP level 1. HP: 13/13 MP: 3/3
     6 | D:1      | Noticed a swamp worm
     6 | D:1      | Noticed a redback
     6 | D:1      | Noticed a water moccasin
     7 | D:1      | Noticed a hound
     7 | D:1      | Noticed a komodo dragon
  1245 | D:2      | Reached XP level 2. HP: 20/20 MP: 1/5
  1305 | D:1      | Learned a level 2 spell: Call Imp
  1859 | D:2      | Reached skill level 1 in Fighting
  2326 | D:3      | Reached XP level 3. HP: 26/26 MP: 3/6
  2660 | D:3      | You fall through a shaft for 3 floors!
  2708 | D:6      | Noticed a bullfrog
  2723 | D:6      | Killed a bullfrog
  2723 | D:6      | Reached skill level 5 in Summonings
  2723 | D:6      | Reached XP level 4. HP: 29/33 MP: 1/7
  2895 | D:6      | Noticed an ogre
  2904 | D:6      | Killed an ogre
  2904 | D:6      | Reached XP level 5. HP: 39/39 MP: 5/9
  3233 | D:6      | Reached XP level 6. HP: 34/46 MP: 10/10
  3458 | D:5      | Entered Level 5 of the Dungeon
  3463 | D:5      | Reached skill level 6 in Summonings
  3575 | D:5      | Learned a level 3 spell: Call Canine Familiar
  3738 | D:4      | Learned a level 4 spell: Summon Ice Beast
  3743 | D:4      | Noticed Sigmund
  3782 | D:5      | Found a stormy altar of Qazlal.
  4003 | D:4      | Killed Sigmund
  4003 | D:4      | Reached XP level 7. HP: 52/52 MP: 0/12
  4165 | D:3      | Reached skill level 1 in Ice Magic
  5381 | D:4      | Found a blossoming altar of Fedhas.
  5451 | D:4      | Found a staircase to the Ecumenical Temple.
  5460 | Temple   | Entered the Ecumenical Temple
  5671 | Temple   | Became a worshipper of Fedhas Madash
  6523 | D:5      | Noticed an air elemental
  6527 | D:5      | Noticed a water elemental
  6527 | D:5      | Noticed a fire elemental
  7850 | D:7      | Found a runed translucent door.
  7850 | D:7      | Noticed a soldier ant
  7850 | D:7      | Noticed a two-headed ogre
  7851 | D:7      | Found a runed translucent door.
  7852 | D:7      | Noticed a cyclops
  7852 | D:7      | Found a runed translucent door.
  7876 | D:7      | Reached skill level 7 in Summonings
  8122 | D:7      | Reached XP level 8. HP: 61/61 MP: 14/14
  8182 | D:7      | Noticed Prince Ribbit
  8227 | D:7      | Killed Prince Ribbit
  8891 | D:7      | Noticed a manticore
  8954 | D:7      | Killed a manticore
  8954 | D:7      | Reached skill level 5 in Fighting
  8954 | D:7      | Reached skill level 8 in Summonings
  9311 | D:7      | Noticed a komodo dragon
  9312 | D:7      | Noticed a green ugly thing
  9314 | D:7      | Noticed a meliai
  9314 | D:7      | a komodo dragon changed into a meliai
  9358 | D:7      | Killed a meliai
  9415 | D:7      | Killed a green ugly thing
  9415 | D:7      | Reached skill level 5 in Spellcasting
  9415 | D:7      | Reached XP level 9. HP: 17/69 MP: 0/16
  9418 | D:7      | HP: 1/69 [orc warrior/+0 mace (17)]
  9805 | D:7      | Got an ichor-stained robe
 10373 | D:8      | Identified the +1 robe of the Rose {rCorr} (You found it on
                  | level 7 of the Dungeon)
 10614 | D:8      | Found a snail-covered altar of Cheibriados.
 10615 | D:8      | Found a bloodstained altar of Trog.
 10631 | D:8      | Found a hide-covered altar of Uskayaw.
 10663 | D:8      | Found a sparkling altar of Nemelex Xobeh.
 10663 | D:8      | Found a shattered altar of Ashenzari.
 10665 | D:8      | Found a hazy altar of Hepliaklqana.
 10672 | D:8      | Found Roukhly's Gadget Boutique.
 10925 | D:8      | Reached skill level 9 in Summonings
 11287 | D:9      | Noticed a two-headed ogre
 11292 | D:9      | Killed a two-headed ogre
 11292 | D:9      | Reached skill level 5 in Ice Magic
 11298 | D:9      | Got an ichor-stained scale mail
 11375 | D:9      | Noticed a two-headed ogre
 11383 | D:9      | Killed a two-headed ogre
 12105 | D:9      | Reached skill level 10 in Summonings
 12228 | D:9      | Noticed a queen bee
 12252 | D:9      | Killed a queen bee
 12252 | D:9      | Reached XP level 10. HP: 77/77 MP: 0/19
 12473 | D:9      | HP: 5/118 [poisoned by a killer bee]
 12478 | D:9      | HP: 2/118 [poisoned by a killer bee]
 12483 | D:9      | HP: 1/118 [poisoned by a killer bee]
 12485 | D:9      | Succumbed to a killer bee's poison

Skill      XL: |  1  2  3  4  5  6  7  8  9 10 |
---------------+-------------------------------+-----
Fighting       | 1 2 3 4 5 6 7 |  7.1
Summonings     | 5 6 7 8 10 | 10.2
Spellcasting   | 3 4 5 6 |  6.3
Ice Magic      | 2 4 5 |  5.0
Dodging        | |  2.6
Stealth        | |  2.1

Action                   |  1- 3 |  4- 6 |  7- 9 | 10-12 || total
-------------------------+-------+-------+-------+-------++-------
Melee: Unarmed           |     6 |       |       |       ||     6
       Trident           |    24 |    75 |    30 |       ||   129
       Staff             |       |       |    61 |    29 ||    90
 Cast: Summon Small Mamm |    22 |       |     2 |       ||    24
       Call Imp          |    34 |    28 |    40 |     3 ||   105
       Call Canine Famil |       |     8 |    61 |     2 ||    71
       Summon Ice Beast  |       |       |    14 |     4 ||    18
Invok: Fungal Bloom      |       |       |    25 |     3 ||    28
Evoke: Wand              |       |       |     1 |       ||     1
  Use: Scroll            |    10 |       |    10 |       ||    20
       Potion            |       |       |    13 |     2 ||    15
 Stab: Sleeping          |     3 |       |       |       ||     3
       Distracted        |       |     1 |     1 |       ||     2
  Eat: Chunk             |     8 |     6 |    28 |     1 ||    43
       Ration            |       |       |     2 |       ||     2
Armor: Robe              |     4 |    10 |    15 |     9 ||    38
       Skin              |       |       |   113 |       ||   113
Dodge: Dodged            |    25 |    32 |    79 |    34 ||   170
